 Dungeon Crawl Stone Soup version 0.21-a0-444-g29a2fec (webtiles) character file.

2639 slep the Cudgeler (level 9, -4/51 HPs)
             Began as a Vine Stalker Monk on Nov 17, 2017.
             Was an Initiate of Okawaru.
             Slain by an orc warrior
             ... wielding a cursed -1 long sword
              (13 damage)
             ... on level 8 of the Dungeon.
             The game lasted 00:33:47 (4924 turns).

slep the Cudgeler (Vine Stalker Monk)               Turns: 4924, Time: 00:33:47

Health: -4/51      AC: 12    Str: 14    XL:     9   Next: 61%
Magic:  0/3        EV:  4    Int:  8    God:    Okawaru [......]
Gold:   387        SH:  8    Dex: 20    Spells: 8/8 levels left

rFire    . . .     SeeInvis .   v - +1 flail (antimagic)
rCold    . . .     Gourm    .   y - +0 shield
rNeg     . . .     Faith    .   x - +0 shadow dragon scales
rPois    .         Spirit   +   (no helmet)
rElec    .         Reflect  .   (no cloak)
rCorr    .         Harm     .   C - +0 pair of gloves
MR       +....                  (no boots)
Stlth    +++.......             q - amulet of regeneration
HPRegen  0.97/turn              (no ring)
MPRegen  0.08/turn              (no ring)

@: no status effects
A: fangs 3, dopey 1, regeneration 1, robust 1, magic shield, antimagic bite, no
potion heal 3, rot immunity
a: Renounce Religion


You were on level 8 of the Dungeon.
You worshipped Okawaru.
Okawaru was noncommittal.
You were near starving.

You visited 2 branches of the dungeon, and saw 9 of its levels.

You collected 387 gold pieces.

Inventory:

Hand Weapons
 a - a +0 falchion
 g - a +2 dagger of draining
 v - a +1 antimagic flail (weapon)
 B - a +0 short sword
Armour
 x - +0 shadow dragon scales (worn)
 y - a +0 shield (worn)
 C - a +0 pair of gloves (worn)
Jewellery
 f - an uncursed ring of see invisible
 q - an amulet of regeneration (around neck)
Wands
 s - a wand of random effects (37/48)
Scrolls
 d - 9 scrolls of identify {unknown}
 h - 2 scrolls of noise {unknown}
 k - 6 scrolls of teleportation {unknown}
 n - 6 scrolls of remove curse
 r - a scroll of random uselessness {unknown}
 w - 2 scrolls of recharging {unknown}
Potions
 e - 4 potions of heal wounds {unknown}
 j - 3 potions of lignification {unknown}
 l - a potion of might {unknown}
 m - 2 potions of haste {unknown}
 o - 4 potions of berserk rage {unknown}
 t - 2 potions of degeneration {unknown}
 u - a potion of agility {unknown}
 z - 2 potions of curing {unknown}
 A - 2 potions of flight {unknown}
 D - a potion of brilliance {unknown}
 F - a potion of magic {unknown}
 G - a potion of ambrosia {unknown}
Books
 b - a book of Cantrips

   Spells                             Type                      Level
   a - Confusing Touch                Hexes                        1
   b - Animate Skeleton               Necromancy                   1
   c - Summon Small Mammal            Summoning                    1
   d - Apportation                    Translocation                1
Comestibles
 c - 5 bread rations
 i - 6 fruits
 p - 4 royal jellies
 E - a meat ration


   Skills:
 + Level 5.0(2.5) Fighting
 + Level 5.4(2.7) Long Blades
 + Level 5.9(2.9) Maces & Flails
 + Level 5.3(2.6) Armour
 + Level 3.9(1.9) Dodging
 + Level 3.4(1.7) Stealth
 + Level 2.3(1.1) Shields


You had 8 spell levels left.
You didn't know any spells.

Dungeon Overview and Level Annotations

Branches:
Dungeon (8/15)             Temple (1/1) D:7
   Lair: D:8-11

Altars:
Ashenzari
Cheibriados
Dithmenos
Elyvilon
Gozag
Hepliaklqana
Kikubaaqudgha
Nemelex Xobeh
Okawaru
Qazlal
Ru
Sif Muna
Trog
Uskayaw
Vehumet
Xom
Yredelemnul
Zin
The Shining One


Innate Abilities, Weirdness & Mutations

You have razor-sharp teeth.
Your natural rate of healing is unusually fast.
When hurt, damage is shared between your health and your magic reserves.
Your bite disrupts and absorbs the magic of your enemies.
Potions cannot restore your health.
You are immune to rotting.
You are dopey. (Int -2)
You are robust. (+10% HP)


Message History

You completely miss the orc warrior.
The orc warrior is lightly wounded.
The orc warrior hits you with a long sword.
You closely miss the orc warrior. You bite the orc warrior.
You drain its power.
You feel invigorated.
The orc warrior is moderately wounded.
The orc warrior hits you with a long sword.
The orc warrior hits you with a long sword!
* * * LOW HITPOINT WARNING * * *
You closely miss the orc warrior. Your bite misses the orc warrior.
The orc warrior is moderately wounded.
The orc warrior hits you but does no damage.
You closely miss the orc warrior. You bite the orc warrior.
You drain its power.
You feel invigorated.
The orc warrior is moderately wounded.
The orc warrior barely misses you.
You hit the orc warrior but do no damage.
The orc warrior is moderately wounded.
The orc warrior hits you with a long sword!
You die...

#.##)#####
#<##.......#
#...########
#####.####
.....>...###
#######....#####
####>....###
##....)o#
######@# ###


You could see an orc warrior.

Vanquished Creatures
  4 yaks (D:6)
  Edmund (D:5)
  An orc warrior (D:6)
  3 sky beasts
  A black bear (D:6)
  A phantom (D:5)
  2 ogres
  A centaur (D:6)
  A bullfrog (D:7)
  4 howler monkeys
  A jelly (D:5)
  A bullfrog skeleton (D:5)
  5 hounds
  2 gnoll shamans
  A centaur skeleton (D:5)
  5 orc wizards
  2 iguanas
  4 worker ants
  13 gnolls
  4 adders
  2 shadow imps
  2 worms
  6 leopard geckos
  20 orcs
  7 giant cockroaches
  12 goblins
  15 hobgoblins
  10 jackals
  3 quokkas
  8 bats
  4 frilled lizards
  6 kobolds
  A leopard gecko zombie (D:6)
  A quokka skeleton (D:5)
  7 rats
161 creatures vanquished.

Notes
Turn   | Place    | Note
-------+----------+-------------------------------------------
     0 | D:1      | slep the Vine Stalker Monk began the quest for the Orb.
     0 | D:1      | Reached XP level 1. HP: 11/11 MP: 2/2
   107 | D:1      | Reached XP level 2. HP: 12/16 MP: 3/3
   337 | D:1      | Reached XP level 3. HP: 15/19 MP: 2/4
   708 | D:2      | Gained mutation: Your natural rate of healing is unusually fast. [Vine Stalker growth]
   708 | D:2      | Reached XP level 4. HP: 8/24 MP: 3/5
   862 | D:2      | Reached skill level 1 in Armour
  1068 | D:2      | Found a shimmering altar of Xom.
  1178 | D:3      | Found a faded altar of an unknown god.
  1250 | D:3      | Reached XP level 5. HP: 26/28 MP: 6/6
  1671 | D:3      | Became a worshipper of Ashenzari the Shackled
  1671 | D:3      | Reached * piety under Ashenzari
  1671 | D:3      | Reached ** piety under Ashenzari
  2031 | D:4      | Reached XP level 6. HP: 26/32 MP: 7/7
  2072 | D:4      | Reached *** piety under Ashenzari
  2379 | D:5      | Entered Level 5 of the Dungeon
  2385 | D:5      | Noticed a sky beast
  2408 | D:5      | Killed a sky beast
  2431 | D:5      | Reached XP level 7. HP: 28/36 MP: 8/8
  2467 | D:5      | Reached skill level 5 in Long Blades
  2481 | D:5      | Noticed Edmund
  2511 | D:5      | Killed Edmund
  2829 | D:5      | Reached skill level 1 in Maces & Flails
  3029 | D:5      | Gained mutation: You have razor-sharp teeth. [Vine Stalker growth]
  3029 | D:5      | Reached XP level 8. HP: 36/42 MP: 3/9
  3293 | D:6      | Gained mutation: You are dopey. (Int -2) [mutagenic meat]
  3294 | D:6      | Gained mutation: You are robust. (+10% HP) [mutagenic meat]
  3323 | D:6      | Noticed a yak
  3324 | D:6      | Noticed a yak
  3325 | D:6      | Noticed a yak
  3325 | D:6      | Noticed a yak
  3333 | D:6      | Killed a yak
  3333 | D:6      | Reached skill level 1 in Shields
  3333 | D:6      | Reached XP level 9. HP: 44/50 MP: 2/10
  3353 | D:6      | Reached skill level 5 in Maces & Flails
  3371 | D:6      | Reached skill level 5 in Armour
  3997 | D:7      | Reached skill level 5 in Fighting
  4135 | D:7      | Found a staircase to the Ecumenical Temple.
  4144 | Temple   | Entered the Ecumenical Temple
  4230 | Temple   | Reached **** piety under Ashenzari
  4282 | Temple   | Fell from the grace of Ashenzari
  4282 | Temple   | Became a worshipper of Warmaster Okawaru
  4899 | D:8      | HP: 2/51 [orc warrior/long sword (11)]
  4924 | D:8      | Slain by an orc warrior

Vault maps used:
D:1:      arrival_zaba_pyramid, interstate_on_off
D:2:      lemuel_crystal_altar
D:3:      chequers_ecumenical_altar_simple, st_stairs_11
D:5:      first_bread, uniq_edmund
D:7:      minmay_temple_entry_metal_lava, serial_co_window_serial,
          co_window_paths_a, co_window_paths_b, co_window_paths_a,
          co_window_paths_b, co_window_of_opportunity_a, co_window_cross_4,
          co_window_unsneaky_path_d, co_window_unsneaky_path_d,
          co_window_cross_3, co_window_corner_ca, co_window_paths_e,
          co_window_paths_d, glass_columns_a, glass_columns_c, glass_columns_a
D:8:      lair_entry_dummy, serial_shops, nicolae_shop_trees, uniq_grum,
          uniq_erica
Temple:   minmay_crystal_snake_temple

Skill      XL: |  1  2  3  4  5  6  7  8  9 |
---------------+----------------------------+-----
Long Blades    | 3 4 5 |  5.4
Fighting       | 3 4 5 |  5.0
Dodging        | 3 |  3.9
Armour         | 1 2 3 4 5 |  5.3
Maces & Flails | 1 4 5 |  5.9
Stealth        | 3 |  3.4
Shields        | 1 2 |  2.3

Action                   |  1- 3 |  4- 6 |  7- 9 || total
-------------------------+-------+-------+-------++-------
Melee: Falchion          |    74 |   238 |    32 ||   344
       Bite              |    25 |    86 |   138 ||   249
       Flail             |       |       |   317 ||   317
 Stab: Sleeping          |       |       |     3 ||     3
  Eat: Chunk             |       |     5 |     9 ||    14
       Fruit             |       |       |     1 ||     1
Armor: Robe              |     2 |       |       ||     2
       Scale mail        |    36 |    86 |    40 ||   162
       Shadow dragon sca |       |       |   111 ||   111
Dodge: Dodged            |    58 |   121 |   135 ||   314
Block: Shield            |       |       |    87 ||    87
       Rpst.: Falchion   |    22 |    42 |     2 ||    66

Table legend:
 A = Spawn XP
 B = Non-spawn XP
 C = Spawn XP percentage of total XP
 D = Spawn monster count
 E = Non-spawn monster count
 F = Spawn count percentage of total count
 G = Total turns spent on level
                    A         B        C        D         E        F      G
               +---------+---------+-------+---------+---------+-------+---------
         Total |       0 |    3770 |   0.0 |       0 |     161 |   0.0 |  4924
               +---------+---------+-------+---------+---------+-------+---------
           D:1 |       0 |      43 |   0.0 |       0 |      24 |   0.0 |   659
           D:2 |       0 |     110 |   0.0 |       0 |      30 |   0.0 |   514
           D:3 |       0 |      60 |   0.0 |       0 |      24 |   0.0 |   536
           D:4 |       0 |     264 |   0.0 |       0 |      18 |   0.0 |   748
           D:5 |       0 |     907 |   0.0 |       0 |      21 |   0.0 |   663
           D:6 |       0 |    1821 |   0.0 |       0 |      29 |   0.0 |   561
           D:7 |       0 |     514 |   0.0 |       0 |      11 |   0.0 |   950
           D:8 |       0 |      51 |   0.0 |       0 |       4 |   0.0 |    50
               +---------+---------+-------+---------+---------+-------+---------
